 Dungeon Crawl Stone Soup version 0.20-a0-820-g557356e (webtiles) character file.

81 Aksej the Sneak (level 4, 0/30 HPs)
             Began as an Octopode Assassin on Mar 4, 2017.
             Succumbed to an orc's poison
             ... on level 3 of the Dungeon.
             The game lasted 00:03:44 (1897 turns).

Aksej the Sneak (Octopode Assassin)                 Turns: 1897, Time: 00:03:45

Health: 0/30       AC:  1    Str: 10    XL:     4   Next: 42%
Magic:  4/4        EV: 13    Int: 13    God:
Gold:   106        SH:  0    Dex: 14    Spells: 3/3 levels left

rFire    . . .     SeeInvis .   a - +2 dagger
rCold    . . .     Gourm    .   (no shield)
rNeg     . . .     Faith    .   (helmet restricted)
rPois    .         Spirit   .   (no amulet)
rElec    .         Reflect  .   g - ring of stealth
rCorr    .         Harm     .   (no ring)
MR       .....                  (no ring)
Stlth    +++++.....             (no ring)
Regen    0.1/turn               (no ring)
MPRegen  0.1/turn               (no ring)
                                (no ring)
                                (no ring)

@: lethally poisoned (0 -> -12)
A: almost no armour, stealthy swim, amphibious, 8 rings, constrict 8, camouflage
1, gelatinous body 1
a: no special abilities


You were on level 3 of the Dungeon.
You were not hungry.

You visited 1 branch of the dungeon, and saw 3 of its levels.

You collected 106 gold pieces.

Inventory:

Hand Weapons
 a - a +2 dagger (weapon)
 b - a +0 blowgun
Missiles
 c - 8 poisoned needles
 d - 2 curare-tipped needles
Jewellery
 g - a ring of stealth (left tentacle)
Scrolls
 e - a scroll of identify
 i - 2 scrolls of magic mapping
Potions
 j - a potion of magic
Comestibles
 f - a bread ration
 k - 2 fruits
 l - a royal jelly
 m - 4 meat rations


   Skills:
 + Level 2.3 Fighting
 * Level 3.1 Short Blades
 + Level 2.0 Throwing
 + Level 1.2 Dodging
 + Level 6.6 Stealth


You had 3 spell levels left.
You didn't know any spells.

Dungeon Overview and Level Annotations

Branches:
Dungeon (3/15)

Altars:
Dithmenos
Yredelemnul
The Shining One


Innate Abilities, Weirdness & Mutations

You cannot wear most types of armour.
You are very stealthy in the water. (Stealth+)
You are amphibious.
You can wear up to eight rings at the same time.
You can use your tentacles to constrict eight enemies at once.
Your skin changes colour to match your surroundings (Stealth+).
Your rubbery body absorbs attacks. (AC +1, EV +1)


Message History

You squeeze the orc wizard, but do no damage.
The orc wizard is almost dead.
* * * LOW HITPOINT WARNING * * *
You feel sick.
The orc wizard gestures wildly while chanting.
The orc wizard blinks!
The orc throws a tomahawk.
The tomahawk hits you.
* * * LOW HITPOINT WARNING * * *
The orc wizard casts a spell.
The orc wizard blinks!
The orc throws a tomahawk.
The tomahawk barely misses you.
* * * LOW HITPOINT WARNING * * *
You feel sick.
You see here a tomahawk.
* * * LOW HITPOINT WARNING * * *
You feel sick.
* * * LOW HITPOINT WARNING * * *
You feel sick.
* * * LOW HITPOINT WARNING * * *
You feel sick.
You die...

############# ###
#.....@..oo.# #<#
#.#########(# #.# #§####
#.# #o...# #.#
#############....# #>#
#...........§....# #.#
#.....[.....(....# #.#
##...............#####.#
#...................#


You could see 2 orcs.

Vanquished Creatures
  2 adders (D:2)
  A worm (D:2)
  3 dart slugs (D:1)
  3 leopard geckos
  2 orcs (D:3)
  A ball python (D:1)
  2 giant cockroaches (D:1)
  4 goblins
  6 hobgoblins
  6 kobolds
  A quokka (D:2)
  6 bats
  2 frilled lizards
  8 rats
  A spectral orc (D:2)
48 creatures vanquished.

Notes
Turn   | Place    | Note
-------+----------+-------------------------------------------
     0 | D:1      | Aksej the Octopode Assassin began the quest for the Orb.
     0 | D:1      | Reached XP level 1. HP: 14/14 MP: 1/1
   266 | D:1      | Reached XP level 2. HP: 7/19 MP: 2/2
   457 | D:1      | Reached XP level 3. HP: 21/24 MP: 3/3
   488 | D:1      | Reached skill level 6 in Stealth
  1253 | D:2      | Found a glowing golden altar of the Shining One.
  1295 | D:2      | Reached XP level 4. HP: 20/30 MP: 4/4
  1378 | D:2      | Found a shadowy altar of Dithmenos.
  1601 | D:2      | Found a basalt altar of Yredelemnul.
  1896 | D:3      | HP: 1/30 [poisoned by an orc]
  1897 | D:3      | Succumbed to an orc's poison

Vault maps used:
D:1:      dpeg_arrival_rooms_a, minmay_fountain_box, minmay_misc_feat_encased
D:2:      lemuel_coloured_pillars_altar, yredelemnul_forgotten_temple_becter,
          grunt_dithmenos_smoke_and_mirrors

Skill      XL: |  1  2  3 |
---------------+----------+-----
Stealth        | 6 |  6.6
Short Blades   | 3 |  3.1
Fighting       | |  2.3
Throwing       | |  2.0
Dodging        | |  1.2

Action                   |  1- 3 |  4- 6 || total
-------------------------+-------+-------++-------
Melee: Dagger            |    55 |    24 ||    79
       Constrict         |    13 |     3 ||    16
       Tentacles         |     5 |     5 ||    10
  Use: Scroll            |     6 |     2 ||     8
       Potion            |       |     2 ||     2
 Stab: Sleeping          |    15 |     8 ||    23
       Distracted        |       |     1 ||     1
  Eat: Chunk             |     1 |     2 ||     3
Armor: Skin              |     3 |     1 ||     4
Dodge: Dodged            |    26 |    15 ||    41
